 Dungeon Crawl Stone Soup version 0.29-a0-330-g52719c12eb (webtiles) character file.

Game seed: 3209806270957899436

218 Ajdolov the Shooter (level 5, -2/32 HPs)
             Began as a Tengu Hunter on Apr 21, 2022.
             Was an Initiate of Hepliaklqana.
             Slain by a kobold brigand
             ... wielding a +0 club
              (6 damage)
             ... in a sewer.
             The game lasted 00:02:19 (2478 turns).

Ajdolov the Shooter (Tengu Hunter)                  Turns: 2478, Time: 00:02:20

Health: -2/32      AC:  5    Str: 11    XL:     5   Next: 95%
Magic:  6/6        EV: 14    Int:  9    God:    Hepliaklqana [......]
Gold:   135        SH:  0    Dex: 20    Spells: 4/4 levels left

rFire   . . .      SeeInvis .   a - +1 shortbow
rCold   . . .      Faith    .   (shield currently unavailable)
rNeg    . . .      Spirit   .   b - +0 leather armour
rPois   .          Reflect  .   g - +2 hat
rElec   .          Harm     .   (no cloak)
rCorr   .          Rampage  .   (no gloves)
Will    .....                   (boots unavailable)
Stlth   ++........              (no amulet)
HPRegen 0.10/turn               (no ring)
MPRegen 0.10/turn               (no ring)

@: brilliant, flying quickly and evasively, quick
A: beak, talons 3, nimble flight
a: Renounce Religion


You were in a sewer.
You worshipped Hepliaklqana.
Hepliaklqana was noncommittal.
You visited 1 branch of the dungeon, and saw 3 of its levels.
You also visited: Sewer.

You collected 135 gold pieces.

Inventory:

Hand Weapons
 a - a +1 shortbow (weapon)
Armour
 b - a +0 leather armour (worn)
 g - a +2 hat (worn)
Scrolls
 c - a scroll of immolation
 e - a scroll of amnesia {unknown}
 f - a scroll of summoning {unknown}
 h - a scroll of noise {unknown}
 k - a scroll of brand weapon {unknown}
Potions
 d - 2 potions of brilliance
 i - a potion of resistance {unknown}
 j - a potion of magic {unknown}
 l - a potion of heal wounds {unknown}
 m - 2 potions of might {unknown}
 n - a potion of lignification {unknown}


   Skills:
 + Level 3.0 Fighting
 * Level 7.1 Bows
 - Level 2.1 Dodging
 - Level 1.0 Stealth


You had 4 spell levels left.
You didn't know any spells.
Your spell library was empty.

Dungeon Overview and Level Annotations

Branches:
Dungeon (3/15)              Sewer (1/1)

Altars:
Hepliaklqana
Beogh


Innate Abilities, Weirdness & Mutations

You have a beak for a mouth.
You have claws for feet.
Your magical nature lets you fly swiftly and evasively.


Message History

The arrow barely misses the kobold brigand.
The kobold brigand completely misses you.
You shoot an arrow. The arrow hits the kobold brigand.
The kobold brigand is moderately wounded.
The kobold brigand closely misses you.
You shoot an arrow. The arrow hits the kobold brigand.
The kobold brigand is heavily wounded.
The kobold brigand misses you.
The kobold brigand hits you with a +0 club!
You shoot an arrow.
The arrow barely misses the kobold brigand.
The kobold brigand hits you with a +0 club.
You are too injured to fight recklessly!
You are too injured to fight recklessly!
Shoot: a) +1 shortbow
Press: ? - help, Q - select action, (/) - cycle Shift-Dir - straight line, f/p - kobold brigand
Aim: a kobold brigand, wielding a +0 club and quivering poisoned darts (heavily wounded, 61% to hit)
You shoot an arrow. The arrow misses the kobold brigand.
The kobold brigand hits you with a +0 club.
Shoot: a) +1 shortbow
Press: ? - help, Q - select action, (/) - cycle Shift-Dir - straight line, f/p - kobold brigand
Aim: a kobold brigand, wielding a +0 club and quivering poisoned darts (heavily wounded, 61% to hit)
You shoot an arrow.
The arrow hits the kobold brigand but does no damage.
The kobold brigand is heavily wounded.
The kobold brigand hits you with a +0 club!
* * * LOW HITPOINT WARNING * * *
Throw: dart (curare)
Press: ? - help, Shift-Dir - straight line, f/p - kobold brigand
Aim: a kobold brigand, wielding a +0 club and quivering poisoned darts (heavily wounded, 56% to hit)
You throw a curare-tipped dart.
The curare-tipped dart closely misses the kobold brigand.
The kobold brigand hits you with a +0 club.
* * * LOW HITPOINT WARNING * * *
You aren't carrying any items that you can evoke.
Unknown command.
It was a potion of brilliance.
You feel clever all of a sudden.
The kobold brigand hits you with a +0 club.
You die...

≈≈≈ ≈≈ ≈≈≈ ≈≈≈
≈#######≈##############
≈≈P..P≈≈≈≈P≈≈.≈≈≈#....#
P≈...≈≈≈≈≈≈....≈≈'..∩.#
≈.......≈≈P...≈≈@K[..(#
.................#....#
...........P...P## ####
................#
..............###
..........#####
#..####.### #### ###


You could see a kobold brigand.

Vanquished Creatures
  2 kobold brigands (Sewer)
  3 adders
  A dart slug (D:1)
  An orc (D:3)
  5 ball pythons
  6 endoplasms
  A giant cockroach (Sewer)
  6 goblins
  5 hobgoblins
  3 jackals (D:1)
  7 kobolds
  A quokka (D:2)
  3 bats
  A frilled lizard (D:1)
  3 rats
48 creatures vanquished.

Vanquished Creatures (others)
  A plant (Sewer)
1 creature vanquished.

Grand Total: 49 creatures vanquished

Notes
Turn   | Place    | Note
-------+----------+-------------------------------------------
     0 | D:1      | Ajdolov the Tengu Hunter began the quest for the Orb.
     0 | D:1      | Reached XP level 1. HP: 12/12 MP: 2/2
    87 | D:1      | Reached XP level 2. HP: 17/17 MP: 3/3
   116 | D:1      | Reached skill level 5 in Bows
   551 | D:1      | Reached XP level 3. HP: 16/21 MP: 4/4
   963 | D:1      | Noticed an orc warrior
  1530 | D:2      | Found a hazy altar of Hepliaklqana.
  1541 | D:2      | Became a worshipper of Hepliaklqana the Forgotten
  1929 | D:2      | Reached skill level 6 in Bows
  2149 | D:3      | Reached XP level 4. HP: 26/26 MP: 5/5
  2223 | D:3      | Found a glowing drain.
  2232 | Sewer    | Entered a sewer
  2258 | Sewer    | Noticed a kobold brigand
  2258 | Sewer    | Noticed a kobold brigand
  2277 | Sewer    | Killed a kobold brigand
  2278 | Sewer    | Gained mutation: Your magical nature lets you fly swiftly
                  | and evasively. [Tengu growth]
  2278 | Sewer    | Reached XP level 5. HP: 25/31 MP: 6/6
  2281 | Sewer    | Killed a kobold brigand
  2282 | Sewer    | Reached skill level 7 in Bows
  2468 | Sewer    | Noticed a kobold brigand
  2478 | Sewer    | Slain by a kobold brigand

Illustrated notes

Levels and vault maps discovered:
D:1:      erik_arrival_cave_to_civilisation [erik_arrival_cave_to_temple],
          layout_loops_corners, corexii_corridor_pit
D:2:      layout_loops_cross, serial_rivers, chequers_serial_rivers_micro_c,
          chequers_serial_rivers_small_b, chequers_serial_rivers_micro_d,
          chequers_serial_rivers_large_b, chequers_serial_rivers_micro_d,
          basic_altar
D:3:      layout_loops_ring, portal_sewer_entry_d, basic_ecumenical_altar
Sewer:    kennysheep_pipe_town

Skill      XL: |  1  2  3  4  5 |
---------------+----------------+-----
Bows           | 5 6 7 |  7.1
Fighting       | 3 |  3.0
Dodging        | |  2.1
Stealth        | |  1.0

Action                   |  1- 3 |  4- 6 || total
-------------------------+-------+-------++-------
 Fire: Shortbow          |    73 |    46 ||   119
Throw: Dart              |       |     1 ||     1
  Use: Potion            |       |     1 ||     1
Armor: Leather armour    |     7 |     5 ||    12
Dodge: Dodged            |    22 |    10 ||    32

Table legend: (Time is in decaauts)
 A = Elapsed time spent in this place.
 B = Non-inter-level travel time spent in this place.
 C = Inter-level travel time spent in this place.
 D = Time resting spent in this place.
 E = Time spent auto-exploring this place.
 F = Levels seen in this place.
 G = Mean time per level.
                   A        B        C        D        E       F      G
               +--------+--------+--------+--------+--------+-----+--------+
         Total |   2571 |   2420 |    151 |    148 |   1986 |   4 |  642.8 |
       Dungeon |   2308 |   2157 |    151 |    148 |   1801 |   3 |  769.3 |
         Sewer |    262 |    262 |      0 |      0 |    184 |   1 |  262.0 |
               +--------+--------+--------+--------+--------+-----+--------+

Top non-repeatable levels by time:
     D:1: 1229 daAuts
     D:2: 973 daAuts
   Sewer: 262 daAuts
     D:3: 106 daAuts
